PUBAAA
FORT MYERS ARMADA @ SHELBY REDS
08/05/1972
 
TOP OF THE 1ST
Fort Myers Armada batting - Pitching for Shelby Reds : RHP Melvin Hudson
Pitching: RHP Melvin Hudson
Batting: RHB Garry Maddox 0-0: Ball
1-0: Ball
2-0: Ball
3-0: Called Strike
3-1: Called Strike
3-2: Ground out 5-3 (Groundball, 56S, EV 80.0 MPH)
Batting: RHB Gary Farlow 0-0: Called Strike
0-1: Called Strike
0-2: Ball
1-2: Hit by Pitch
Batting: LHB Don Trottier 0-0: Ball
1-0: Foul Ball, location: 2F
1-1: Foul Ball, location: 2F
1-2: Strikes out looking
Batting: RHB Willie Bryant 0-0: Ball
1-0: Foul Ball, location: 9LMF
1-1: 2-RUN HOME RUN (Flyball, 7D, EV 94.4 MPH), Distance : 349 ft
Batting: LHB Allen Huber 0-0: Ball
1-0: Called Strike
1-1: Ball
2-1: Foul Ball, location: 5FF
2-2: Ball
3-2: Foul Ball, location: 3DF
3-2: Fly out, F8 (Flyball, 89D, EV 91.9 MPH)
Top of the 1st over - 2 runs, 1 hit, 0 errors, 0 left on base; Fort Myers 2 - Shelby 0
BOTTOM OF THE 1ST
Shelby Reds batting - Pitching for Fort Myers Armada : LHP Jud Coleman
Pitching: LHP Jud Coleman
Batting: RHB Alex Hastings 0-0: Called Strike
0-1: Foul Ball, location: 2F
0-2: Ball
1-2: Ball
2-2: SINGLE (Flyball, 34D, EV 88.8 MPH)
Batting: RHB Abel de Weerdt 0-0: Grounds into double play, 5-4-3 (Groundball, 56, EV 106.3 MPH)
Batting: RHB Claude Baker 0-0: Ball
1-0: Swinging Strike
1-1: Swinging Strike
1-2: Ball
2-2: Fly out, F9 (Flyball, 9D, EV 75.6 MPH)
Bottom of the 1st over - 0 runs, 1 hit, 0 errors, 0 left on base; Fort Myers 2 - Shelby 0
TOP OF THE 2ND
Fort Myers Armada batting - Pitching for Shelby Reds : RHP Melvin Hudson
Batting: RHB Francis Smith 0-0: Ball
1-0: Called Strike
1-1: Ball
2-1: Called Strike
2-2: Strikes out swinging
Batting: RHB Paul Schaal 0-0: Called Strike
0-1: Ball
1-1: Ball
2-1: Ball
3-1: SINGLE (Line Drive, 3D, EV 96.3 MPH)
Batting: RHB Joseph McCoy 0-0: Ball
1-0: Foul Ball, location: 3F
1-1: Ball
2-1: Grounds into double play, 4-6-3 (Groundball, 34, EV 93.1 MPH)
Top of the 2nd over - 0 runs, 1 hit, 0 errors, 0 left on base; Fort Myers 2 - Shelby 0
BOTTOM OF THE 2ND
Shelby Reds batting - Pitching for Fort Myers Armada : LHP Jud Coleman
Batting: RHB Salvador García 0-0: Ball
1-0: Called Strike
1-1: Ball
2-1: Foul Ball, location: 9LMF
2-2: Strikes out looking
Batting: RHB Merv Rettenmund 0-0: Called Strike
0-1: Ball
1-1: Foul Ball, location: 9LDF
1-2: Ball
2-2: Ball
3-2: Foul Ball, location: 3SF
3-2: Ground out U3 (Groundball, 3, EV 90.0 MPH)
Batting: RHB George Hendrick 0-0: Foul Ball, location: 9LMF
0-1: SINGLE (Line Drive, 8LS, EV 93.1 MPH)
Batting: LHB Gary Gaudreau 0-0: Swinging Strike
0-1: Ground out 4-3 (Groundball, 4, EV 83.1 MPH)
Bottom of the 2nd over - 0 runs, 1 hit, 0 errors, 1 left on base; Fort Myers 2 - Shelby 0
TOP OF THE 3RD
Fort Myers Armada batting - Pitching for Shelby Reds : RHP Melvin Hudson
Batting: RHB Héctor Zambrano 0-0: Called Strike
0-1: Fly out, F8 (Flyball, 8RM, EV 91.9 MPH)
Batting: RHB Garry Maddox 0-0: Called Strike
0-1: Swinging Strike
0-2: Ball
1-2: Ball
2-2: Ball
3-2: Ground out 3-1 (Groundball, 34, EV 86.9 MPH)
Batting: RHB Gary Farlow 0-0: Foul Ball, location: 25F
0-1: Ball
1-1: Ball
2-1: Foul Ball, location: 2F
2-2: Ball
3-2: Strikes out swinging
Top of the 3rd over - 0 runs, 0 hits, 0 errors, 0 left on base; Fort Myers 2 - Shelby 0
BOTTOM OF THE 3RD
Shelby Reds batting - Pitching for Fort Myers Armada : LHP Jud Coleman
Batting: RHB Patrick Bailey 0-0: Called Strike
0-1: Ball
1-1: Ball
2-1: Fly out, F2 (Popup, 2LF, EV 85.6 MPH)
Batting: RHB Jim Unknown 0-0: Foul Ball, location: 9LMF
0-1: Fly out, F5 (Line Drive, 56D, EV 66.9 MPH)
Batting: RHB Alex Hastings 0-0: Ball
1-0: SINGLE (Line Drive, 7S, EV 98.1 MPH)
Batting: RHB Abel de Weerdt 0-0: Ball
1-0: Ball
2-0: Foul Ball, location: 2F
2-1: Ball
3-1: Fielders Choice at 2nd, 6-4 (Groundball, 6, EV 107.5 MPH)
Bottom of the 3rd over - 0 runs, 1 hit, 0 errors, 1 left on base; Fort Myers 2 - Shelby 0
TOP OF THE 4TH
Fort Myers Armada batting - Pitching for Shelby Reds : RHP Melvin Hudson
Batting: LHB Don Trottier 0-0: Ball
1-0: Ball
2-0: Ball
3-0: Called Strike
3-1: Swinging Strike
3-2: Base on Balls
Batting: RHB Willie Bryant 0-0: Swinging Strike
0-1: Foul Ball, location: 5DF
0-2: Ball
1-2: Ball
2-2: SINGLE (Line Drive, 34D, EV 102.5 MPH)
Don Trottier to second
Batting: LHB Allen Huber 0-0: Called Strike
0-1: Foul Ball, location: 2F
0-2: Ball
1-2: Foul Ball, location: 9LDF
1-2: Foul Ball, location: 7LDF
1-2: Ball
2-2: Foul Ball, location: 2F
2-2: Fly out, F7 (Flyball, 7, EV 88.1 MPH)
Batting: RHB Francis Smith 0-0: Fly out, F8 (Flyball, 89M, EV 100.0 MPH)
Batting: RHB Paul Schaal 0-0: Called Strike
0-1: Foul Ball, location: 2F
0-2: Ball
1-2: Ball
2-2: Ball
3-2: Fly out, F3 (Popup, 3SF, EV 85.0 MPH)
Top of the 4th over - 0 runs, 1 hit, 0 errors, 2 left on base; Fort Myers 2 - Shelby 0
BOTTOM OF THE 4TH
Shelby Reds batting - Pitching for Fort Myers Armada : LHP Jud Coleman
Batting: RHB Claude Baker 0-0: Foul Ball, location: 3SF
0-1: Fly out, F8 (Flyball, 8LS, EV 91.3 MPH)
Batting: RHB Salvador García 0-0: Ball
1-0: Called Strike
1-1: Ball
2-1: Ground out 5-3 (Groundball, 56, EV 78.1 MPH)
Batting: RHB Merv Rettenmund 0-0: Ball
1-0: Foul Ball, location: 2F
1-1: Ball
2-1: Foul Ball, location: 2F
2-2: Fly out, F8 (Flyball, 8RM, EV 96.9 MPH)
Bottom of the 4th over - 0 runs, 0 hits, 0 errors, 0 left on base; Fort Myers 2 - Shelby 0
TOP OF THE 5TH
Fort Myers Armada batting - Pitching for Shelby Reds : RHP Melvin Hudson
Batting: RHB Joseph McCoy 0-0: Ball
1-0: Ball
2-0: Fly out, F8 (Flyball, 8LXD, EV 106.3 MPH)
Batting: RHB Héctor Zambrano 0-0: Ball
1-0: Called Strike
1-1: Foul Ball, location: 25F
1-2: Foul Ball, location: 2F
1-2: Ball
2-2: Foul Ball, location: 3F
2-2: Ball
3-2: Foul Ball, location: 2F
3-2: Strikes out looking
Batting: RHB Garry Maddox 0-0: Ball
1-0: Ball
2-0: Called Strike
2-1: Ground out 6-3 (Groundball, 6, EV 107.5 MPH)
Top of the 5th over - 0 runs, 0 hits, 0 errors, 0 left on base; Fort Myers 2 - Shelby 0
BOTTOM OF THE 5TH
Shelby Reds batting - Pitching for Fort Myers Armada : LHP Jud Coleman
Batting: RHB George Hendrick 0-0: Called Strike
0-1: Foul Ball, location: 2F
0-2: Ball
1-2: Strikes out swinging
Batting: LHB Gary Gaudreau 0-0: Called Strike
0-1: Ball
1-1: Called Strike
1-2: SINGLE (Groundball, 6S, EV 75.0 MPH) (infield hit)
Batting: RHB Patrick Bailey 0-0: Called Strike
0-1: Ball
1-1: Swinging Strike
1-2: Strikes out looking
Batting: RHB Jim Unknown 0-0: Foul Ball, location: 9LMF
0-1: Called Strike
0-2: Strikes out swinging
Bottom of the 5th over - 0 runs, 1 hit, 0 errors, 1 left on base; Fort Myers 2 - Shelby 0
TOP OF THE 6TH
Fort Myers Armada batting - Pitching for Shelby Reds : RHP Melvin Hudson
Batting: RHB Gary Farlow 0-0: Ball
1-0: Ball
2-0: Ball
3-0: Called Strike
3-1: Foul Ball, location: 9LSF
3-2: Base on Balls
Batting: LHB Don Trottier 0-0: Ball
1-0: Ball
Gary Farlow steals 2nd base
2-0: Ground out 4-3 (Groundball, 4, EV 83.1 MPH)
Gary Farlow to third
Batting: RHB Willie Bryant 0-0: Called Strike
0-1: Foul Ball, location: 23FF
0-2: Strikes out swinging
Batting: LHB Allen Huber 0-0: Fly out, F7 (Flyball, 78S, EV 87.5 MPH)
Top of the 6th over - 0 runs, 0 hits, 0 errors, 1 left on base; Fort Myers 2 - Shelby 0
BOTTOM OF THE 6TH
Shelby Reds batting - Pitching for Fort Myers Armada : LHP Jud Coleman
Batting: RHB Alex Hastings 0-0: Ball
1-0: Ground out 6-3 (Groundball, 56, EV 95.0 MPH)
Batting: RHB Abel de Weerdt 0-0: Ball
1-0: Foul Ball, location: 7LDF
1-1: Ground out 6-3 (Groundball, 6, EV 101.9 MPH)
Batting: RHB Claude Baker 0-0: SINGLE (Line Drive, 6MD, EV 94.4 MPH)
Batting: RHB Salvador García 0-0: Ball
1-0: Fly out, F8 (Flyball, 8RM, EV 91.9 MPH)
Bottom of the 6th over - 0 runs, 1 hit, 0 errors, 1 left on base; Fort Myers 2 - Shelby 0
TOP OF THE 7TH
Fort Myers Armada batting - Pitching for Shelby Reds : RHP Melvin Hudson
Batting: RHB Francis Smith 0-0: Ball
1-0: Ball
2-0: SINGLE (Line Drive, 4D, EV 100.0 MPH)
Batting: RHB Paul Schaal 0-0: Ball
Francis Smith steals 2nd base
1-0: Foul Ball, location: 2F
1-1: Foul Ball, location: 9LMF
1-2: Ball
2-2: Ground out 3-1 (Groundball, 34, EV 105.0 MPH)
Francis Smith to third
Batting: RHB Joseph McCoy 0-0: Called Strike
0-1: Ball
1-1: Foul Ball, location: 2F
1-2: Ball
2-2: Foul Ball, location: 23FF
2-2: Foul Ball, location: 5FF
2-2: Ball
3-2: Base on Balls
Pitching: RHP Jaime Valdés
Batting: RHB Héctor Zambrano 0-0: Called Strike
Joseph McCoy steals 2nd base
0-1: Called Strike
0-2: Ball
1-2: Foul Ball, location: 3SF
1-2: Ball
2-2: Fielders Choice at home, 4-2 (Groundball, 4, EV 79.4 MPH)
Joseph McCoy to third
Batting: RHB Garry Maddox 0-0: Ball
1-0: Swinging Strike
1-1: Foul Ball, location: 3FF
1-2: Ball
2-2: Ball
3-2: Foul Ball, location: 2F
3-2: Strikes out swinging
Top of the 7th over - 0 runs, 1 hit, 0 errors, 2 left on base; Fort Myers 2 - Shelby 0
BOTTOM OF THE 7TH
Shelby Reds batting - Pitching for Fort Myers Armada : LHP Jud Coleman
Batting: RHB Merv Rettenmund 0-0: Swinging Strike
0-1: Ball
1-1: Ball
2-1: Foul Ball, location: 3F
2-2: Foul Ball, location: 25F
2-2: Foul Ball, location: 7LMF
2-2: Ball
3-2: SINGLE (Line Drive, 34, EV 96.3 MPH)
Batting: RHB George Hendrick 0-0: SINGLE (Groundball, 6MD, EV 95.0 MPH)
Merv Rettenmund to second
Pinch Hitting: RHB Steve Alford 0-0: Sac Bunt to 25 - play at first, batter OUT! 5-3
Merv Rettenmund to third
George Hendrick to second
Batting: RHB Patrick Bailey 0-0: Called Strike
0-1: Ball
1-1: Ball
2-1: Ball
3-1: Base on Balls
Batting: RHB Jim Unknown 0-0: SINGLE (Line Drive, 5, EV 75.6 MPH)
Merv Rettenmund scores
George Hendrick to third
Patrick Bailey to second
Runner from 3rd tries for Home, SAFE, throw by LF to home
Pitching: RHP Carlos Vásquez
Batting: LHB Ryoichi Otani 0-0: Ball
1-0: Fly out, F7 (Flyball, 7S, EV 86.3 MPH)
Batting: RHB Abel de Weerdt 0-0: Ball
1-0: Ground out 4-3 (Groundball, 4, EV 94.4 MPH)
Bottom of the 7th over - 2 runs, 3 hits, 0 errors, 2 left on base; Fort Myers 2 - Shelby 2
TOP OF THE 8TH
Fort Myers Armada batting - Pitching for Shelby Reds : RHP Jaime Valdés
Now at 2B: Ted Kubiak
Batting: RHB Gary Farlow 0-0: Ball
1-0: Fly out, F7 (Flyball, 78M, EV 76.3 MPH)
Batting: LHB Don Trottier 0-0: Ground out 6-3 (Groundball, 6, EV 78.8 MPH)
Batting: RHB Willie Bryant 0-0: Ball
1-0: Swinging Strike
1-1: Called Strike
1-2: Ball
2-2: Fly out, F8 (Flyball, 89M, EV 96.3 MPH)
Top of the 8th over - 0 runs, 0 hits, 0 errors, 0 left on base; Fort Myers 2 - Shelby 2
BOTTOM OF THE 8TH
Shelby Reds batting - Pitching for Fort Myers Armada : RHP Carlos Vásquez
Batting: RHB Claude Baker 0-0: Ball
1-0: Foul Ball, location: 9LMF
1-1: Foul Ball, location: 23F
1-2: Ball
2-2: Strikes out swinging
Batting: RHB Salvador García 0-0: Swinging Strike
0-1: Foul Ball, location: 2F
0-2: Strikes out swinging
Batting: RHB Merv Rettenmund 0-0: Called Strike
0-1: Ball
1-1: Ball
2-1: Foul Ball, location: 9LDF
2-2: Foul Ball, location: 2F
2-2: Foul Ball, location: 3F
2-2: Ball
3-2: Fly out, F4 (Popup, 3S, EV 83.1 MPH)
Bottom of the 8th over - 0 runs, 0 hits, 0 errors, 0 left on base; Fort Myers 2 - Shelby 2
TOP OF THE 9TH
Fort Myers Armada batting - Pitching for Shelby Reds : RHP Jaime Valdés
Batting: LHB Allen Huber 0-0: Called Strike
0-1: Ball
1-1: Swinging Strike
1-2: Strikes out swinging
Pinch Hitting: LHB Andrew Woodward 0-0: Called Strike
0-1: Ball
1-1: Fly out, F7 (Flyball, 7D, EV 93.1 MPH)
Pinch Hitting: LHB Manuel Molina 0-0: Fly out, F8 (Flyball, 8LD, EV 105.0 MPH)
Top of the 9th over - 0 runs, 0 hits, 0 errors, 0 left on base; Fort Myers 2 - Shelby 2
BOTTOM OF THE 9TH
Shelby Reds batting - Pitching for Fort Myers Armada : RHP Carlos Vásquez
Now at 2B: Pedro Morales
Now at SS: Garry Jestadt
Batting: RHB George Hendrick 0-0: Called Strike
0-1: SINGLE (Line Drive, 89M, EV 100.6 MPH)
Batting: SHB Ted Kubiak 0-0: Bunted foul
0-1: Ball
1-1: Sac Bunt to 5S - play at first, batter OUT! 5-3
George Hendrick to second
Pinch Hitting: LHB Mike Lum 0-0: Intentional Walk
Batting: RHB Jim Unknown 0-0: Called Strike
0-1: Ball
1-1: Called Strike
1-2: Ball
2-2: Ball
3-2: Base on Balls
George Hendrick to third
Mike Lum to second
Batting: LHB Ryoichi Otani 0-0: Ball
1-0: Fly out, F8 (Flyball, 8LD, EV 81.9 MPH)
Runner from 3rd tags up, SCORES, throw by CF
Bottom of the 9th over - 1 run, 1 hit, 0 errors, 2 left on base; Fort Myers 2 - Shelby 3
Thursday, April 18th , 2024 - OOTP Baseball 24.8 Build 75